 Dungeon Crawl Stone Soup version 0.30-a0-728-gc68057be0a (webtiles) character file.

Game seed: 13334530624595485449

4560 Dittersdorf the Blocker (level 10, -8/65 HPs)
             Began as a Gargoyle Fighter on Jan 31, 2023.
             Was an Elder of Okawaru.
             Killed by divine providence
             ... invoked by an orc priest
              (16 damage)
             ... on level 8 of the Dungeon.
             The game lasted 00:15:03 (8376 turns).

Dittersdorf the Blocker (Gargoyle Fighter)          Turns: 8376, Time: 00:15:04

Health: -8/65      AC: 22    Str: 25    XL:     10   Next: 40%
Magic:  19/19      EV:  8    Int:  8    God:    Okawaru [****..]
Gold:   417        SH: 11    Dex:  9    Spells: 9/9 levels left

rFire   + + .      SeeInvis .    b - +0 morningstar
rCold   . . .      Faith    .    r - +1 kite shield
rNeg    + . .      Spirit   .    q - +2 scale mail {rF+}
rPois   ∞          Reflect  .    a - +1 hat
rElec   +          Harm     .    (no cloak)
rCorr   .          Rampage  .    (no gloves)
Will    .....                    h - +2 pair of boots {Fly} Stlth
                                 y - amulet of regeneration
HPRegen 1.10/turn                f - ring of magical power
MPRegen 0.16/turn                u - ring of protection from fire

@: flying
A: sickness immunity, AC +7, negative energy resistance 1, electricity
resistance, torment resistance 1, petrification resistance
a: Renounce Religion, Heroism, Finesse


You were on level 8 of the Dungeon.
You worshipped Okawaru.
Okawaru was greatly pleased with you.
You visited 2 branches of the dungeon, and saw 9 of its levels.

You collected 417 gold pieces.

Inventory:

Hand Weapons
 b - a +0 morningstar (weapon)
Missiles
 m - 5 curare-tipped darts (quivered)
Armour
 a - a +1 hat (worn)
 h - a +2 pair of boots of flying (worn)
 q - a +2 scale mail of fire resistance (worn)
 r - a +1 kite shield (worn)
Jewellery
 f - a ring of magical power (left hand)
 u - a ring of protection from fire (right hand)
 y - an amulet of regeneration (around neck)
Wands
 w - a wand of digging (3)
 x - a wand of light (9)
Scrolls
 c - 3 scrolls of teleportation
 g - a scroll of fog {unknown}
 n - a scroll of poison
 t - a scroll of enchant armour
 v - 2 scrolls of enchant weapon
Potions
 d - 3 potions of might
 e - a potion of invisibility
 i - a potion of berserk rage
 j - 2 potions of curing
 k - a potion of magic
 o - a potion of brilliance
 p - 5 potions of mutation
 s - a potion of heal wounds


   Skills:
 + Level 8.9 Fighting
 + Level 7.7 Maces & Flails
 + Level 8.9 Armour
 + Level 8.9 Shields


You had 9 spell levels left.
You didn't know any spells.
Your spell library contained the following spells:

 Spells                   Type           Power      Damage    Failure   Level
 Kiss of Death            Conj/Necr      0%         2d5       91%         1
 Scorch                   Fire           0%         2d5       97%         2
 Confusing Touch          Hex            0%         N/A       100%        3
 Ozocubu's Armour         Ice            0%         N/A       100%        3
 Dispel Undead            Necr           0%         3d6       100%        4
 Flame Wave               Conj/Fire      0%         2d4       100%        4
 Passage of Golubria      Tloc           0%         N/A       100%        4
 Yara's Violent Unravell  Hex/Tmut       0%         3d3       100%        5
 Ozocubu's Refrigeration  Ice            0%         4d7       100%        7
 Tukima's Dance           Hex            Unusable   N/A       N/A         3
 Summon Cactus Giant      Summ           Unusable   N/A       N/A         6

Dungeon Overview and Level Annotations

Branches:
Dungeon (8/15)             Temple (1/1) D:5            Lair (0/5) D:8

Altars:
Ashenzari
Cheibriados
Dithmenos
Elyvilon
Fedhas
Gozag
Hepliaklqana
Kikubaaqudgha
Makhleb
Nemelex Xobeh
Okawaru
Qazlal
Ru
Trog
Uskayaw
Vehumet
Wu Jian
Xom
Zin
The Shining One

Shops:
D:3 ?

Annotations:
D:8 1 runed translucent door, drugrobin's ghost, weakling DgDe


Innate Abilities, Weirdness & Mutations

You are immune to sickness and miasma.
Your stone body is resilient. (AC +7)
You are immune to poison.
You resist negative energy. (rN+)
You are resistant to electric shocks. (rElec)
You are resistant to unholy torment.
You are immune to petrification.


Message History

You sock the orc priest!
The orc priest is severely wounded.
The orc priest barely misses you.
The orc priest hits you but does no damage.
You block the orc priest's attack.
The orc priest hits you but does no damage.
You closely miss the orc priest.
The orc priest is severely wounded.
The orc priest calls down the wrath of Beogh upon you.
Beogh smites you!
* * * LOW HITPOINT WARNING * * *
The orc priest closely misses you.
You hit the orc priest but do no damage.
The orc priest is severely wounded.
You block the orc priest's attack.
The orc priest hits you but does no damage.
You hit the orc priest but do no damage.
The orc priest is severely wounded.
The orc priest invokes the aid of Beogh against you.
Pain shoots through your body!
* * * LOW HITPOINT WARNING * * *
The orc priest barely misses you.
You closely miss the orc priest.
The orc priest is severely wounded.
The orc priest closely misses you.
The orc priest invokes the aid of Beogh against you.
Beogh smites you!
* * * LOW HITPOINT WARNING * * *
You barely miss the orc priest.
The orc priest is severely wounded.
The orc priest calls upon Beogh to heal the orc priest.
The orc priest is healed somewhat.
The orc priest invokes the aid of Beogh against you.
You are unaffected.
You block the orc priest's attack.
The orc priest hits you but does no damage.
You barely miss the orc priest.
The orc priest is heavily wounded.
The orc priest invokes the aid of Beogh against you.
Beogh smites you!
You die...

#.....### #........ ##
## #.....### ###.
....###.....# ...
..........### #..
###.###.### #.. #.# #.#
###..#####.# #!# #####
#...o@).##.###)###....
......o##.##..........##
..#.... #...).........#
....... #..#####.##...##
......# #..# #.##....[
......###..# #.###..##
...........# #.# #..##
....#.####.#####.###..##
..............#.....#


You could see 2 orc priests.

Vanquished Creatures
  Pikel (D:7)
  Maggie (D:8)
  Sigmund (D:3)
  A wyvern (D:8)
  4 yaks (D:7)
  A steam dragon (D:7)
  Menkaure (D:4)
  3 ice beasts
  A water moccasin (D:7)
  A black bear (D:6)
  2 sky beasts
  An orc warrior (D:8)
  3 centaurs
  A phantom (D:6)
  A kobold brigand (D:7)
  3 bullfrogs
  2 gnoll sergeants
  3 scorpions
  A necrophage (D:6)
  A howler monkey (D:8)
  3 orc priests
  3 hounds
  2 jellies
  An iguana (D:5)
  Jessica (D:2)
  Terence (D:2)
  12 orc wizards
  Robin (D:1)
  10 gnolls
  7 adders
  A shadow imp (D:6)
  A white imp (D:5)
  2 ufetubi
  A worm (D:3)
  3 dart slugs
  37 orcs
  4 bats
  7 endoplasms
  4 giant cockroaches
  19 goblins
  5 hobgoblins
  2 jackals (D:4)
  2 quokkas
  4 ball pythons
  2 frilled lizards
  10 kobolds
  5 rats
183 creatures vanquished.

Vanquished Creatures (others)
  A fungus (D:8)
  6 plants
7 creatures vanquished.

Grand Total: 190 creatures vanquished

Notes
Turn   | Place    | Note
-------+----------+-------------------------------------------
     0 | D:1      | Dittersdorf the Gargoyle Fighter began the quest for the
                  | Orb.
     0 | D:1      | Reached XP level 1. HP: 14/14 MP: 1/1
    88 | D:1      | Reached XP level 2. HP: 15/19 MP: 2/2
   575 | D:2      | Noticed Robin
   627 | D:1      | Reached XP level 3. HP: 8/23 MP: 3/3
   731 | D:1      | Killed Robin
   904 | D:1      | Reached XP level 4. HP: 29/29 MP: 4/4
  1033 | D:2      | Noticed Jessica
  1038 | D:2      | Killed Jessica
  1092 | D:2      | Reached XP level 5. HP: 33/33 MP: 5/5
  1350 | D:2      | Noticed Terence
  1363 | D:2      | Killed Terence
  1892 | D:3      | Noticed Sigmund
  2298 | D:3      | Killed Sigmund
  2299 | D:3      | Reached XP level 6. HP: 39/40 MP: 4/6
  2372 | D:3      | Found Zamuanta's Magic Scroll Emporium.
  2541 | D:3      | Found an opulent altar of Gozag.
  2774 | D:3      | Found a glowing golden altar of the Shining One.
  2854 | D:3      | Found a broken altar of Ashenzari.
  3145 | D:4      | Reached skill level 5 in Armour
  3265 | D:4      | Reached skill level 5 in Shields
  3292 | D:4      | Reached skill level 5 in Fighting
  3339 | D:4      | Reached XP level 7. HP: 33/44 MP: 7/7
  3795 | D:4      | Noticed Menkaure
  3801 | D:4      | Killed Menkaure
  4356 | D:5      | Entered Level 5 of the Dungeon
  4529 | D:5      | Found a staircase to the Ecumenical Temple.
  4537 | Temple   | Entered the Ecumenical Temple
  4761 | Temple   | Became a worshipper of Warmaster Okawaru
  4785 | D:5      | Reached XP level 8. HP: 51/51 MP: 8/8
  5032 | D:5      | Found a hazy altar of Hepliaklqana.
  5241 | D:5      | Found a white marble altar of Elyvilon.
  5255 | D:5      | Reached skill level 5 in Maces & Flails
  5359 | D:5      | Found an ancient bone altar of Kikubaaqudgha.
  5663 | D:6      | Found an ornate altar of the Wu Jian Council.
  5676 | D:6      | Found a shimmering altar of Xom.
  5712 | D:6      | Reached * piety under Okawaru
  6085 | D:5      | Reached XP level 9. HP: 34/57 MP: 9/9
  6310 | D:6      | Reached ** piety under Okawaru
  6405 | D:6      | Found a glowing silver altar of Zin.
  6406 | D:6      | Noticed an angel
  6964 | D:7      | Noticed Pikel
  6973 | D:7      | Killed Pikel
  7283 | D:7      | Reached *** piety under Okawaru
  7333 | D:7      | Identified the +9 hand axe of the Stoat {flame, rPois Will+
                  | Str-2 Dex+3}
  7759 | D:7      | Reached XP level 10. HP: 61/64 MP: 10/10
  7910 | D:8      | Found a hide-covered altar of Uskayaw.
  8071 | D:8      | Found a staircase to the Lair.
  8132 | D:8      | Found a runed translucent door.
  8134 | D:8      | Noticed drugrobin's ghost (weakling DgDe)
  8327 | D:8      | Noticed Maggie
  8349 | D:8      | Killed Maggie
  8349 | D:8      | Reached **** piety under Okawaru
  8376 | D:8      | Killed from afar by an orc priest

Illustrated notes

Levels and vault maps discovered:
D:1:      lemuel_arrival_tunnels, layout_rooms
D:2:      layout_basic, uniq_jessica, uniq_robin, uniq_terence
D:3:      layout_rooms, mainiacjoe_overflow_brackets,
          mainiacjoe_overflow_surrounded_room, lemuel_doored_altar,
          serial_corexii_hall, chequers_hall_statues_wall_a,
          chequers_hall_statues_corner_a, corexii_hall_statues_x,
          corexii_hall_statues_t, serial_shops, nicolae_shop_trees,
          dk_noncrumbling_2, uniq_sigmund
D:4:      layout_cave_pools, lightli_minifort, uniq_menkaure
D:5:      layout_cave_pods, amcnicky_altar_gilded,
          nicolae_elyvilon_peaceful_grove, mainiacjoe_overflow_alcove_4,
          minmay_temple_entry_mist, chequers_jeans
D:6:      layout_cave_pools, zin_angel, serial_park, serial_park_square3
          [serial_park_minivault_5x5_4], serial_park_square1
          [serial_park_minivault_5x5_5], serial_park_square1
          [serial_park_minivault_5x5_4], kb_lookout_dungeons_type
D:7:      layout_loops_cross, uniq_pikel
D:8:      layout_loops_ring, nicolae_uskayaw_dance_hall,
          mainiacjoe_overflow_swirl, lair_entry_dummy,
          ebering_ghost_funeral_grove, uniq_maggie
Temple:   nicolae_temple_bog_church

Skill      XL: |  1  2  3  4  5  6  7  8  9 |
---------------+----------------------------+-----
Fighting       | 4 5 7 8 |  8.9
Armour         | 4 5 7 8 |  8.9
Shields        | 4 5 7 8 |  8.9
Maces & Flails | 3 4 5 7 |  7.7

Action                     |  1- 3 |  4- 6 |  7- 9 | 10-12 || total
---------------------------+-------+-------+-------+-------++-------
  Melee: Flail             |   108 |   218 |       |       ||   326
         Morningstar       |       |    28 |   432 |   136 ||   596
  Throw: Dart              |       |       |     1 |       ||     1
    Use: Scroll            |       |    12 |     4 |     2 ||    18
 Armour: Scale mail        |    92 |   168 |   510 |    83 ||   853
  Dodge: Dodged            |    43 |    72 |   228 |    31 ||   374
  Block: Buckler           |    35 |    19 |       |       ||    54
         Kite shield       |       |    60 |   312 |    51 ||   423

Table legend: (Time is in decaauts)
 A = Elapsed time spent in this place.
 B = Non-inter-level travel time spent in this place.
 C = Inter-level travel time spent in this place.
 D = Time resting spent in this place.
 E = Time spent auto-exploring this place.
 F = Levels seen in this place.
 G = Mean time per level.
                   A        B        C        D        E       F      G
               +--------+--------+--------+--------+--------+-----+--------+
         Total |   8718 |   8414 |    304 |   1607 |   4602 |   9 |  968.7 |
       Dungeon |   8477 |   8213 |    264 |   1547 |   4474 |   8 | 1059.6 |
        Temple |    241 |    201 |     40 |     60 |    128 |   1 |  241.0 |
               +--------+--------+--------+--------+--------+-----+--------+

Top non-repeatable levels by time:
     D:2: 1354 daAuts
     D:4: 1223 daAuts
     D:5: 1189 daAuts
     D:3: 1093 daAuts
     D:7: 1086 daAuts
     D:6: 1081 daAuts
     D:1: 899 daAuts
     D:8: 548 daAuts
  Temple: 241 daAuts
